 Dungeon Crawl Stone Soup version 0.28-a0-1613-gdaab1c2f9b (webtiles) character file.

Game seed: 2272498284238723280

12 Sweetruy1997 the Chopper (level 2, -2/27 HPs)
             Began as a Minotaur Berserker on Jan 22, 2022.
             Was a Follower of Trog.
             Slain by a kobold (4 damage)
             ... on level 1 of the Dungeon.
             The game lasted 00:00:34 (148 turns).

Sweetruy1997 the Chopper (Minotaur Berserker)        Turns: 148, Time: 00:00:35

Health: -2/27      AC:  2    Str: 21    XL:     2   Next: 20%
Magic:  1/1        EV: 12    Int:  4    God:    Trog [*.....]
Gold:   37         SH:  0    Dex:  9    Spells: 1/1 levels left

rFire   . . .      SeeInvis .   a - +0 hand axe
rCold   . . .      Faith    .   (no shield)
rNeg    . . .      Spirit   .   b - +0 animal skin
rPois   .          Reflect  .   (helmet restricted)
rElec   .          Harm     .   (no cloak)
rCorr   .          Rampage  .   (no gloves)
Will    .....                   (no boots)
Stlth   +.........              (no amulet)
HPRegen 0.09/turn               (no ring)
MPRegen 0.07/turn               (no ring)

@: no status effects
A: horns 2, retaliatory headbutt
a: Renounce Religion, Berserk


You were on level 1 of the Dungeon.
You worshipped Trog.
Trog was aware of your devotion.
You visited 1 branch of the dungeon, and saw 1 of its levels.

You collected 37 gold pieces.

Inventory:

Hand Weapons
 a - a +0 hand axe (weapon)
Armour
 b - a +0 animal skin (worn)


   Skills:
 + Level 4.0 Fighting
 + Level 4.0 Axes
 + Level 2.6 Armour
 + Level 2.3 Dodging


You had one spell level left.
You didn't know any spells.
Your spell library was empty.

Dungeon Overview and Level Annotations

Branches:
Dungeon (1/15)

Altars:


Innate Abilities, Weirdness & Mutations

You have a pair of horns on your head.
You reflexively headbutt those who attack you in melee.


Message History

You kill the frilled lizard!
Trog accepts your kill. The bat hits you. The bat closely misses you.
The bat misses you.
You see here a frilled lizard corpse.
You hit the bat.
You kill the bat!
Trog accepts your kill.
Your Axes skill increases to level 4!
You start resting.
A goblin comes into view. It is wielding a +0 club.
The goblin shouts!
You hear a shout!
You see here a frilled lizard corpse.
A kobold comes into view. It is wielding a +0 hand axe.
You closely miss the goblin. The goblin hits you with a +0 club.
You are too injured to fight recklessly!
You are too injured to fight recklessly!
You are too injured to fight recklessly!
You are too injured to fight recklessly!
You hit the goblin. You headbutt the goblin.
You kill the goblin!
Trog accepts your kill.
Your Fighting skill increases to level 4!
You see here a +0 club.
Found a short sword.
You miss the kobold. The kobold hits you with a +0 hand axe.
You barely miss the kobold. The kobold hits you with a +0 hand axe.
The kobold barely misses you.
You completely miss the kobold. Your headbutt misses the kobold.
The kobold hits you with a +0 hand axe.
* * * LOW HITPOINT WARNING * * *
You completely miss the kobold. The kobold hits you with a +0 hand axe.
* * * LOW HITPOINT WARNING * * *
You see here a +0 club.
You fail to use your ability.
The kobold misses you.
You hit the kobold.
The kobold is moderately wounded.
The kobold barely misses you. The kobold hits you with a +0 hand axe.
You die...

.# .# ## ##.##.##
######......##
...#.........
##########†..........
.........†.$........)
########.###@)........
#......).# #.K.$......
#.######## #..........
#####.# #..........
......# #.#........
####### ...#>....## #
#... ....## # #...
.#..# ...## ..#


You could see a kobold.

Vanquished Creatures
  A dart slug (D:1)
  2 goblins (D:1)
  A quokka (D:1)
  A ball python (D:1)
  3 bats (D:1)
  A frilled lizard (D:1)
  A kobold (D:1)
10 creatures vanquished.

Notes
Turn   | Place    | Note
-------+----------+-------------------------------------------
     0 | D:1      | Sweetruy1997 the Minotaur Berserker began the quest for the
                  | Orb.
     0 | D:1      | Reached XP level 1. HP: 19/19 MP: 0/0
   119 | D:1      | Reached XP level 2. HP: 16/27 MP: 1/1
   143 | D:1      | HP: 1/27 [kobold (2)]
   148 | D:1      | Slain by a kobold

Illustrated notes

Levels and vault maps discovered:
D:1:      dpeg_arrival_leaves_temple_mockup, layout_rooms,
          shapermc_ecumenical_altar_totnotflames, serial_curves, eino_curves_04,
          eino_curves_01

Skill      XL: |  1  2 |
---------------+-------+-----
Axes           | 4 |  4.0
Fighting       | 4 |  4.0
Armour         | |  2.6
Dodging        | |  2.3

Action                   || total
-------------------------++-------
Melee: Hand axe          ||    25
       Headbutt          ||     2
Armor: Animal skin       ||     6
Dodge: Dodged            ||    21

Table legend: (Time is in decaauts)
 A = Elapsed time spent in this place.
 B = Non-inter-level travel time spent in this place.
 C = Inter-level travel time spent in this place.
 D = Time resting spent in this place.
 E = Time spent auto-exploring this place.
 F = Levels seen in this place.
 G = Mean time per level.
                   A        B        C        D        E       F      G
               +--------+--------+--------+--------+--------+-----+--------+
         Total |    150 |    150 |      0 |      7 |     97 |   1 |  150.0 |
       Dungeon |    150 |    150 |      0 |      7 |     97 |   1 |  150.0 |
               +--------+--------+--------+--------+--------+-----+--------+

Top non-repeatable levels by time:
     D:1: 150 daAuts
